Map: Central Protocol

Players

Lilbow

  • Race: Protoss Protoss

uThermal - Winner!

  • Race: Terran Terran
  • League: Grandmaster

Event: Homestory Cup XII

VOD

Have the link to the VOD?

Description

Time

  • Played on: Dec. 18, 2015, 12:01 p.m.
  • Length: 13:46

All games in this series

Show
View Real Time Build Order
Export as new Build Order

Lilbow Protoss 

Build Orders: 1 Gate Expand, Phoenix Opening 

Get SALT Encoding   

  12  0:01  Probe (Chrono Boost)  
  13  0:11  Probe (Chrono Boost)  
  14  0:18  Pylon  
  14  0:22  Probe (Chrono Boost)  
  15  0:36  Probe (Chrono Boost)  
  15  0:37  Gateway  
  15  0:42  Assimilator  
  16  0:47  Probe (Chrono Boost)  
  17  0:57  Probe (Chrono Boost)  
  18  1:08  Probe (Chrono Boost)  
  19  1:18  Nexus  
  19  1:28  Cybernetics Core  
  19  1:33  Assimilator  
  19  1:36  Probe (Chrono Boost)  
  20  1:42  Pylon  
  20  1:47  Probe (Chrono Boost)  
  21  1:57  Probe (Chrono Boost)  
  22  2:08  Stalker, Mothership Core (Chrono Boost)  
  26  2:16  Warp Gate  
  26  2:26  Probe (Chrono Boost)  
  27  2:31  Probe (Chrono Boost)  
  29  2:37  Probe (Chrono Boost)  
  29  2:42  Probe (Chrono Boost)  
  30  2:47  Probe (Chrono Boost)  
  30  2:48  Stargate  
  31  2:52  Probe (Chrono Boost)  
  31  2:58  Probe (Chrono Boost)  
  33  3:01  Assimilator  
  33  3:03  Probe (Chrono Boost)  
  34  3:08  Probe (Chrono Boost)  
  35  3:13  Probe (Chrono Boost)  
  35  3:14  Pylon  
  35  3:19  Probe (Chrono Boost)  
  37  3:24  Probe (Chrono Boost)  
  38  3:29  Probe (Chrono Boost)  
  38  3:32  Phoenix (Chrono Boost)  
  38  3:33  Probe (Chrono Boost)  
  41  3:41  Probe  
  43  3:43  Probe  
  43  3:45  Stargate  
  44  3:49  Assimilator  
  44  3:50  Pylon  
  44  3:53  Probe  
  44  3:54  Probe  
  44  3:55  Phoenix (Chrono Boost)  
  47  3:59  Pylon  
  48  4:04  Probe  
  48  4:05  Probe  
  50  4:15  Probe  
  50  4:16  Phoenix (Chrono Boost)  
  53  4:17  Probe  
  54  4:25  Probe  
  55  4:36  Phoenix (Chrono Boost)  
  55  4:37  Nexus  
  55  4:38  Pylon, Phoenix (Chrono Boost)  
  59  4:43  Probe x2  
  61  4:55  Probe x2  
  61  4:57  Phoenix (Chrono Boost)  
  67  5:00  Phoenix (Chrono Boost)  
  67  5:01  Pylon, Protoss Air Weapons Level 1  
  67  5:08  Probe x2  
  69  5:19  Phoenix (Chrono Boost)  
  69  5:20  Probe x2  
  73  5:22  Phoenix (Chrono Boost)  
  75  5:31  Assimilator  
  75  5:32  Probe x2, Pylon  
  77  5:41  Phoenix (Chrono Boost)  
  79  5:43  Phoenix (Chrono Boost)  
  79  5:44  Probe x2  
  83  5:51  Probe  
  83  5:56  Probe x2  
  86  5:59  Assimilator  
  86  6:00  Stargate  
  86  6:02  Phoenix (Chrono Boost)  
  88  6:05  Phoenix (Chrono Boost)  
  88  6:06  Zealot  
  88  6:10  Probe  
  92  6:11  Probe x2  
  95  6:24  Phoenix (Chrono Boost)  
  97  6:27  Phoenix (Chrono Boost)  
  97  6:28  Probe x2  
  97  6:31  Pylon  
  101  6:33  Pylon  
  101  6:37  Probe  
  102  6:40  Probe x2  
  106  6:47  Phoenix (Chrono Boost)  
  106  6:48  Gateway x2, Phoenix (Chrono Boost)  
  106  6:50  Phoenix (Chrono Boost)  
  110  7:10  Phoenix (Chrono Boost)  
  110  7:12  Phoenix (Chrono Boost)  
  110  7:13  Phoenix (Chrono Boost)  
  110  7:14  Pylon  
  116  7:32  Phoenix (Chrono Boost)  
  116  7:33  Phoenix (Chrono Boost)  
  122  7:38  Phoenix (Chrono Boost)  
  122  7:54  Phoenix (Chrono Boost)  
  122  7:55  Phoenix (Chrono Boost)  
  124  8:03  Phoenix (Chrono Boost)  
  122  8:15  Phoenix (Chrono Boost)  
  122  8:17  Phoenix (Chrono Boost)  
  124  8:28  Phoenix (Chrono Boost)  
  124  8:37  Phoenix (Chrono Boost)  
  124  8:38  Phoenix (Chrono Boost)  
  128  8:41  Forge  
  128  8:44  Twilight Council  
  128  8:53  Phoenix (Chrono Boost)  
  130  8:59  Phoenix (Chrono Boost)  
  130  9:00  Phoenix (Chrono Boost)  
  132  9:06  Gateway x2  
  132  9:09  Gateway x2  
  132  9:11  Gateway  
  132  9:12  Gateway  
  132  9:23  Resonating Glaives  
  132  9:24  Protoss Ground Weapons Level 1  
  132  9:25  Gateway  
  132  9:38  Phoenix (Chrono Boost)  
  132  9:45  Pylon x2  
  132  9:46  Pylon x2  
  132  9:56  Nexus  
  132  9:57  Phoenix x2 (Chrono Boost)  
  130  10:03  Phoenix (Chrono Boost)  
  126  10:09  Adept x3  
  132  10:19  Phoenix x2 (Chrono Boost)  
  134  10:34  Adept x3  
  138  10:36  Probe x2  
  138  10:38  Pylon  
  136  10:57  Adept x5  
  136  10:58  Adept x5  
  154  11:19  Adept x4  
  154  11:20  Adept x6  
  154  11:21  Protoss Ground Weapons Level 2 (Chrono Boost)  
  174  11:31  Probe x2  
  165  11:39  Probe x2  
  148  11:43  Probe x2  
  152  11:48  Adept x6  
  152  11:49  Adept x4  
  152  11:50  Probe  
  152  11:51  Phoenix x2 (Chrono Boost)  
  174  11:54  Phoenix (Chrono Boost)  
  174  11:55  Probe  
  169  12:10  Robotics Facility  
  169  12:22  Pylon  
  169  12:24  Pylon  
  169  12:25  Pylon  
  169  12:27  Pylon  
  169  12:30  Pylon  
  169  12:35  Nexus  
  167  12:38  Probe  
  167  12:40  Probe x2  
  158  12:47  Adept x2  
  158  12:48  Adept x3  
  158  12:49  Probe, Adept x5  
  179  12:52  Probe  
  178  13:09  Observer  
  179  13:14  Adept x2  
  179  13:15  Adept x7  
  179  13:16  Adept  
  111  13:37  Adept x4  
  111  13:38  Adept x4  
  111  13:39  Adept x2  
Show
View Real Time Build Order
Export as new Build Order

uThermal Terran - Winner!

Build Orders: Reaper Expand, Bio Mine 

Get SALT Encoding   

  12  0:01  SCV  
  13  0:13  SCV  
  14  0:17  Supply Depot  
  14  0:25  SCV  
  15  0:38  SCV  
  15  0:42  Barracks  
  16  0:46  Refinery  
  16  0:51  SCV  
  17  1:03  SCV  
  18  1:15  SCV  
  19  1:28  Orbital Command  
  19  1:29  Reaper  
  20  1:45  Command Center  
  20  1:54  SCV  
  21  2:01  Barracks Reactor  
  21  2:03  Supply Depot  
  21  2:06  SCV  
  22  2:18  SCV  
  23  2:30  SCV, Factory  
  24  2:37  Marine x2  
  24  2:42  SCV  
  24  2:44  Refinery  
  27  2:54  SCV  
  27  2:55  Marine x2  
  27  2:57  Orbital Command  
  30  2:59  Bunker  
  30  3:06  SCV  
  31  3:13  Marine x2  
  31  3:15  Factory Tech Lab, Starport  
  31  3:18  SCV  
  34  3:23  SCV  
  35  3:31  SCV, Marine  
  37  3:35  SCV  
  37  3:37  Cyclone  
  37  3:38  Marine  
  41  3:43  SCV  
  41  3:44  Supply Depot  
  42  3:49  SCV, Marine  
  42  3:55  SCV  
  45  3:56  Marine  
  45  4:02  Supply Depot  
  46  4:06  SCV, Viking  
  49  4:17  Barracks  
  49  4:18  Barracks  
  49  4:20  Cyclone  
  49  4:21  SCV  
  49  4:23  SCV  
  54  4:26  Supply Depot  
  54  4:27  Marine  
  54  4:29  Marine  
  56  4:33  SCV  
  56  4:35  SCV  
  57  4:41  Supply Depot  
  57  4:45  SCV  
  58  4:47  SCV  
  59  4:57  Command Center, SCV  
  59  4:59  SCV  
  61  5:02  Engineering Bay  
  61  5:05  Barracks Tech Lab  
  61  5:06  Starport Reactor  
  61  5:09  SCV  
  61  5:10  Refinery  
  61  5:11  Refinery  
  61  5:12  SCV  
  63  5:17  Stimpack, Marine  
  64  5:21  SCV  
  64  5:24  SCV, Supply Depot  
  64  5:29  Combat Shields  
  64  5:31  Terran Infantry Weapons Level 1  
  64  5:33  SCV  
  64  5:34  Marauder, Marine x2  
  64  5:35  Marine  
  70  5:40  Missile Turret  
  70  5:42  SCV  
  71  5:43  Missile Turret  
  71  5:45  Factory Reactor  
  71  5:46  SCV  
  72  5:51  Marine  
  72  5:52  Marine  
  72  5:53  Medivac, Marine  
  77  5:57  Medivac  
  77  6:01  SCV, Supply Depot  
  77  6:02  SCV  
  81  6:09  Barracks  
  81  6:13  Marine  
  81  6:15  Marine  
  81  6:16  SCV, Barracks  
  84  6:18  SCV  
  84  6:20  Marine  
  84  6:23  Marine  
  86  6:29  SCV  
  86  6:32  Medivac x2  
  89  6:38  SCV  
  92  6:41  Missile Turret, Orbital Command  
  92  6:42  SCV  
  92  6:44  Marine  
  94  6:48  Concussive Shells  
  94  6:49  Widow Mine x2  
  94  6:53  Supply Depot  
  98  6:55  Supply Depot  
  98  6:56  SCV  
  98  6:57  SCV  
  98  6:59  Marine  
  101  7:05  Barracks Reactor, Barracks Tech Lab  
  101  7:08  SCV  
  101  7:09  SCV  
  101  7:10  Marine x2  
  101  7:11  Marauder  
  62  7:15  Medivac x2  
  106  7:18  Supply Depot  
  106  7:20  SCV  
  106  7:21  SCV  
  112  7:24  Marine  
  112  7:25  Terran Infantry Armor Level 1, Marauder  
  112  7:27  Widow Mine  
  112  7:28  Widow Mine  
  112  7:29  Marauder  
  119  7:40  Barracks x2  
  119  7:41  Barracks  
  119  7:42  Supply Depot  
  119  7:45  Medivac x2  
  119  7:46  Marine x2  
  119  7:47  Marine x2  
  127  7:53  Marauder  
  127  7:56  Widow Mine x2  
  125  8:06  Marauder, Marine  
  125  8:09  Marine x2  
  125  8:10  Marauder  
  125  8:11  Marine  
  117  8:13  Marine  
  108  8:24  Medivac, Marine  
  108  8:25  Widow Mine x2  
  100  8:27  Marine x2  
  100  8:28  Marine, Marauder  
  100  8:31  Marauder  
  100  8:32  Marauder  
  97  8:40  SCV x2  
  97  8:41  Factory x2, Refinery x2, Marine  
  92  8:42  Marine  
  92  8:43  Marine  
  92  8:45  Marine  
  92  8:48  Medivac  
  96  8:49  Marauder  
  96  8:53  Widow Mine x2, Marauder x2  
  96  8:54  Marine x2, Medivac  
  103  8:55  Marine  
  103  8:58  SCV x2  
  103  9:00  SCV  
  103  9:01  Marine  
  103  9:02  Marine  
  102  9:04  Marine  
  102  9:05  Marine  
  100  9:11  Marauder  
  100  9:12  Marine x2  
  100  9:13  Marine  
  100  9:14  Marine x2  
  105  9:17  Armory  
  105  9:18  Medivac  
  105  9:20  Marine  
  105  9:21  Marine  
  105  9:22  Marine, Widow Mine  
  105  9:23  Marine  
  107  9:27  Factory Tech Lab, Widow Mine  
  107  9:29  Widow Mine  
  107  9:30  Marine x2  
  113  9:32  Marine x2  
  113  9:35  Marine  
  113  9:38  Medivac, Marine  
  107  9:40  Marine  
  107  9:42  Marine  
  107  9:48  Widow Mine  
  107  9:49  Marine  
  107  9:50  Widow Mine, Marine x2  
  107  9:51  Marauder  
  115  9:54  Marine  
  115  9:55  Marine x2  
  115  9:56  Widow Mine  
  115  9:57  Marine  
  115  9:58  Widow Mine, Marine  
  115  9:59  Marine  
  120  10:07  Marine  
  119  10:08  Marine x2  
  119  10:09  Supply Depot  
  119  10:11  Terran Infantry Weapons Level 2  
  122  10:15  Drilling Claws  
  122  10:16  Widow Mine  
  122  10:18  Marine  
  122  10:19  Widow Mine  
  125  10:23  Marine  
  125  10:24  Widow Mine  
  125  10:26  Marine  
  125  10:27  Marine  
  129  10:29  Marine x2  
  129  10:30  Widow Mine  
  131  10:38  Supply Depot  
  131  10:39  Supply Depot, Marine  
  131  10:40  Marine  
  131  10:42  Marine  
  131  10:45  Widow Mine  
  131  10:47  Widow Mine  
  133  10:50  Marine  
  133  10:51  Marine  
  133  10:55  Widow Mine  
  133  10:56  Marine  
  133  10:57  Marine  
  134  11:00  Widow Mine  
  134  11:02  Marine  
  134  11:03  Marine  
  136  11:06  Marine x2  
  136  11:08  Marine  
  139  11:12  Marine x2  
  139  11:14  Marine x2  
  139  11:16  Medivac  
  139  11:18  Marine  
  142  11:20  Marine x2  
  142  11:24  Marine x2  
  147  11:26  Widow Mine, Marine  
  147  11:29  Marine  
  149  11:34  Widow Mine  
  149  11:35  Medivac, Marine  
  149  11:38  Marine x2  
  149  11:39  Widow Mine  
  155  11:42  Marine x2  
  155  11:46  Supply Depot  
  155  11:47  Supply Depot, Marine x2  
  157  11:49  Widow Mine  
  157  11:52  Marine x2  
  163  11:57  Medivac  
  163  12:01  Marine x2  
  160  12:02  Marine  
  160  12:03  Marine  
  160  12:05  Medivac  
  160  12:07  Marine x2  
  156  12:11  Widow Mine  
  156  12:15  Widow Mine x2  
  158  12:17  Marine x2  
  158  12:19  Marine  
  165  12:24  Marine x2  
  165  12:25  Supply Depot  
  165  12:28  Marine  
  165  12:29  Marine  
  169  12:30  Marine  
  169  12:33  Widow Mine  
  169  12:34  Marine  
  173  12:41  Marine, Medivac  
  173  12:42  Marine  
  173  12:44  Medivac  
  176  12:45  Marine  
  176  12:47  Marine  
  176  12:49  Marine  
  179  12:55  Marine x2  
  179  12:57  Widow Mine  
  183  13:00  Widow Mine  
  183  13:03  Marine  
  183  13:04  Marine  
  188  13:09  Widow Mine x2  
  191  13:15  Medivac  
  191  13:17  Marine  
  191  13:18  Marine  
  195  13:21  Marine  
  196  13:28  Marine  
Tags
 
Add a new tag
Caveats
  • Supply blocks, unpowered buildings, or Contaminate may cause inaccurate times.
  • Supply counts are checked every 10 seconds.